 Dungeon Crawl Stone Soup version 0.29.0 (webtiles) character file.

Game seed: 4531800107128761276

176 ProzacElf the Shooter (level 5, -5/29 (30) HPs)
             Began as a Kobold Hunter on Aug 25, 2022.
             Slain by Crazy Yiuf
             ... wielding a +2 quarterstaff of chaos
              (13 damage)
             ... on level 3 of the Dungeon.
             The game lasted 00:07:14 (3131 turns).

ProzacElf the Shooter (Kobold Hunter)               Turns: 3131, Time: 00:07:14

HP:   -5/29 (30)    AC:  6    Str:  8    XL:     5   Next: 86%
MP:   5/5           EV: 15    Int: 10    God:
Gold: 92            SH:  0    Dex: 21    Spells: 4/4 levels left

rFire   . . .      SeeInvis .   a - +0 shortbow
rCold   . . .      Faith    .   (shield currently unavailable)
rNeg    . . .      Spirit   .   m - +1 ring mail
rPois   .          Reflect  .   (no helmet)
rElec   .          Harm     .   (no cloak)
rCorr   .          Rampage  .   (no gloves)
Will    .....                   (no boots)
Stlth   +++.......              (no amulet)
HPRegen 0.09/turn               (no ring)
MPRegen 0.09/turn               (no ring)

@: lethally poisoned (-5 -> -18), lightly drained
A: small, no large weapons, nightstalker 3
a: no special abilities


You were on level 3 of the Dungeon.
You visited 1 branch of the dungeon, and saw 3 of its levels.

You collected 92 gold pieces.

Inventory:

Hand Weapons
 a - a +0 shortbow (weapon)
 b - the +4 dagger of the Twelve Persimmons {vamp, *Slow Str+7}
   (You found it on level 3 of the Dungeon)

   It occasionally heals its wielder for a portion of the damage dealt when it
   wounds a living foe.
   Str:       It affects your strength (+7).
   *Slow:     It may slow you when you take damage.
 f - a +2 dagger of draining
 h - a +0 short sword
Missiles
 o - 4 poisoned darts
Armour
 c - a +0 leather armour
 m - a +1 ring mail (worn)
Wands
 w - a wand of flame (9)
Scrolls
 d - a scroll of immolation
 e - a scroll of torment
 i - a scroll of enchant armour
 k - 2 scrolls of vulnerability {unknown}
 l - a scroll of fear
 p - a scroll of identify {unknown}
 r - a scroll of summoning {unknown}
 t - 2 scrolls of blinking {unknown}
Potions
 j - a potion of attraction {unknown}
 n - 2 potions of magic {unknown}
 q - 2 potions of haste {unknown}
 s - a potion of heal wounds {unknown}
 u - a potion of might {unknown}
 v - 2 potions of curing {unknown}
Miscellaneous
 x - a piece from Xom's chessboard (15/15)


   Skills:
 - Level 2.1 Fighting
 + Level 7.3 Ranged Weapons
 - Level 5.0 Dodging
 - Level 1.3 Stealth


You had 4 spell levels left.
You didn't know any spells.
Your spell library contained the following spells:

 Spells                   Type           Power      Damage    Failure   Level
 Sandblast                Erth           0%         2d4       75%         1
 Blink                    Tloc           0%         N/A       87%         2
 Passwall                 Tmut/Erth      0%         N/A       87%         2
 Sublimation of Blood     Necr           0%         N/A       87%         2
 Wereblood                Tmut           0%         N/A       87%         2
 Stone Arrow              Conj/Erth      0%         3d7       98%         3
 Manifold Assault         Tloc           0%         N/A       100%        5
 Storm Form               Tmut/Air       0%         N/A       100%        7
 Summon Hydra             Summ           0%         N/A       100%        7


Dungeon Overview and Level Annotations

Branches:
Dungeon (3/15)

Altars:
Ashenzari
Uskayaw
Vehumet

Annotations:
D:3 1 transporter, Crazy Yiuf


Innate Abilities, Weirdness & Mutations

You are small and have problems with some larger weapons.
You are completely attuned to the shadows.


Message History

Tha frilled lizard barely misses ye.
Ye shoot an arrow.
Tha arrow hits tha frilled lizard!
Ye kill tha frilled lizard!
Nay target in view!
Ye start restin'.
HP restored.
Health restored: 30 Thar be an op'n door 'ere.
Found a stone staircase leadin' up.
Found a hide-cov'red altar o' Uskayaw.
Found an 'scape hatch in tha ceilin'.
Thar be an 'scape hatch in tha ceilin' 'ere.
Found a run'd translucent door.
Found a hammer.
Ye op'n tha door.
Ye shoot an arrow.
Tha arrow hits Crazy Yiuf but does nay damage.
Crazy Yiuf hits ye wit' a +2 quarterstaff o' chaos.
Ye be poison'd.
Ye take 3 damage, an' haf 27/30 hp.
Ye shoot an arrow.
Tha arrow closely misses Crazy Yiuf.
Ye feel very sick.
Crazy Yiuf hits ye wit' a +2 quarterstaff o' chaos.
Ye feel drain'd.
Ye take 9 damage, an' haf 18/29 hp.
MASSIVE DAMAGE!!
Ye shoot an arrow.
Tha arrow barely misses Crazy Yiuf.
Ye feel sick.
Crazy Yiuf grits, "Buddy foot poople!"
Crazy Yiuf hits ye wit' a +2 quarterstaff o' chaos.
Ye be leth'lly poison'd!
Ye take 6 damage, an' haf 12/29 hp.
MASSIVE DAMAGE!!
Ye be too injured ta fight recklessly!
Ye be too injured ta fight recklessly!
Ye be too injured ta fight recklessly!
Crazy Yiuf attacks as ye move away!
Crazy Yiuf misses ye.
* * * LOW HITPOINT WARNIN'
* * * Ye feel very sick.
Ye take 4 damage, an' haf 8/29 hp.
Crazy Yiuf attacks as ye move away!
Crazy Yiuf hits ye wit' a +2 quarterstaff o' chaos!
Ye die...

#.#
#....>.####.#####
#.#
#.####.##.......#
### ##########.##
#..# ##.# ##
♣♣###.# )..#♣♣
♣♣.#...#
...'g♣♣♣♣......#
...#♣@.♣......##
## ♣♣♣.♣..#.##
♣♣♣♣♣###


You could see Crazy Yiuf.

Vanquished Creatures
  An orc priest (D:3)
  4 gnolls (D:3)
  An adder (D:3)
  4 shadow imps (D:3)
  3 worms
  A dart slug (D:1)
  4 ball pythons
  8 bats
  6 endoplasms
  4 giant cockroaches (D:2)
  4 goblins
  5 hobgoblins
  A quokka (D:2)
  5 frilled lizards
  3 kobolds (D:1)
  7 rats
61 creatures vanquished.

Vanquished Creatures (others)
  A hobgoblin (D:3)
1 creature vanquished.

Grand Total: 62 creatures vanquished

Notes
Turn   | Place    | Note
-------+----------+-------------------------------------------
     0 | D:1      | ProzacElf the Kobold Hunter began the quest for the Orb.
     0 | D:1      | Reached XP level 1. HP: 12/12 MP: 1/1
   165 | D:1      | Reached XP level 2. HP: 17/17 MP: 2/2
   619 | D:1      | Reached XP level 3. HP: 21/21 MP: 3/3
   775 | D:1      | Reached skill level 6 in Ranged Weapons
  1616 | D:2      | Reached XP level 4. HP: 26/26 MP: 4/4
  2020 | D:3      | Found a transporter.
  2280 | D:3      | Reached XP level 5. HP: 30/30 MP: 5/5
  2296 | D:3      | Found a transporter.
  2451 | D:3      | Found a radiant altar of Vehumet.
  2488 | D:3      | Found a broken altar of Ashenzari.
  2507 | D:3      | Reached skill level 7 in Ranged Weapons
  2667 | D:3      | Identified the +4 dagger of the Twelve Persimmons {vamp,
                  | *Slow Str+7}
  2679 | D:3      | Found a faded altar of an unknown god.
  2747 | D:3      | Reached skill level 5 in Dodging
  3081 | D:3      | Found a hide-covered altar of Uskayaw.
  3122 | D:3      | Found a runed translucent door.
  3125 | D:3      | Noticed Crazy Yiuf
  3131 | D:3      | Slain by Crazy Yiuf

Illustrated notes

Levels and vault maps discovered:
D:1:      saegor_arrival_simple_a, layout_loops_corners
D:2:      layout_basic, minmay_3d_cube
D:3:      gammafunk_wand_slinger, layout_basic, nicolae_ashenzari_panopticon,
          fiery_altar_vehumet, mainiacjoe_overflow_tiny_flanked,
          shapermc_ecumenical_altar_totnotflames, uniq_crazy_yiuf_cottage

Skill      XL: |  1  2  3  4  5 |
---------------+----------------+-----
Dodging        | 3 4 5 |  5.0
Ranged Weapons | 6 7 |  7.3
Fighting       | |  2.1
Stealth        | |  1.3

Action                   |  1- 3 |  4- 6 || total
-------------------------+-------+-------++-------
 Fire: Shortbow          |   103 |    84 ||   187
Evoke: Wand              |       |     6 ||     6
  Use: Scroll            |       |     5 ||     5
Armor: Ring mail         |     3 |     6 ||     9
       Leather armour    |     3 |       ||     3
Dodge: Dodged            |    19 |    25 ||    44
